 Dungeon Crawl Stone Soup version 0.31-a0-523-g071a6c1ffa (webtiles) character file.

Game seed: 10357240876864976433

121 Ofeo the Vexing (level 4, -1/37 HPs)
             Began as a Draconian Hexslinger on Aug 11, 2023.
             Slain by an iguana (12 damage)
             ... on level 4 of the Dungeon.
             The game lasted 00:02:52 (2899 turns).

Ofeo the Vexing (Draconian Hexslinger)              Turns: 2899, Time: 00:02:52

Health: -1/37      AC:  5    Str: 10    XL:     4   Next: 77%
Magic:  7/7        EV: 13    Int: 14    God:
Gold:   181        SH:  0    Dex: 15    Spells: 3/7 levels left

rFire   . . .        b - +2 rapier (freeze)
rCold   . . .        (no shield)
rNeg    . . .        (body armour unavailable)
rPois   .            (helmet restricted)
rElec   .            (no cloak)
rCorr   .            (no gloves)
SInv    .            (no boots)
Will    .....        (no amulet)
Stlth   +            (no ring)
HPRegen 0.26/turn    (no ring)
MPRegen 0.10/turn

%: no passive effects
@: no status effects
A: AC +5, unfitting armour, cold-blooded
a: no special abilities


You were on level 4 of the Dungeon.
You visited 1 branch of the dungeon, and saw 4 of its levels.

You collected 181 gold pieces.

Inventory:

Hand Weapons
 a - a +1 sling
 b - a +2 rapier of freezing (weapon)
Scrolls
 c - 4 scrolls of teleportation {@r3}
 d - 2 scrolls of enchant weapon
 f - a scroll of butterflies {unknown}
 l - 2 scrolls of poison
 m - a scroll of revelation {unknown}
 o - a scroll of amnesia {unknown}
Potions
 e - a potion of lignification {unknown}
 g - a potion of ambrosia {unknown}
 h - 2 potions of mutation {unknown}
 i - a potion of haste {unknown}
 j - a potion of curing {unknown}
 k - 2 potions of attraction {unknown}
 n - a potion of heal wounds {unknown}


   Skills:
 + Level 2.6 Fighting
 - Level 1.8 Ranged Weapons
 + Level 2.7 Dodging
 + Level 2.1 Spellcasting
 + Level 3.4 Hexes


You had 3 spell levels left.
You knew the following spells:

 Your Spells              Type           Power      Damage    Failure   Level
a - Slow                  Hex            44%        N/A       6%          1
b - Inner Flame           Hex/Fire       6%         N/A       34%         3

Your spell library contained the following spells:

 Spells                   Type           Power      Damage    Failure   Level
 Confusing Touch          Hex            11%        N/A       17%         3
 Kiss of Death            Conj/Necr      4%         2d5       24%         1
 Portal Projectile        Hex/Tloc       12%        N/A       34%         3
 Cause Fear               Hex            5%         N/A       50%         4
 Dispel Undead            Necr           1%         3d6       93%         4


Dungeon Overview and Level Annotations

Branches:
Dungeon (4/15)
 Temple: D:4-7

Altars:
Cheibriados

Shops:
D:4 :


Innate Abilities, Weirdness & Mutations

Your plain brown scales are hard. (AC +5)
You cannot fit into any form of body armour.
You are cold-blooded and may be slowed by cold attacks.


Message History

The cerulean imp hits you but does no damage.
The cerulean imp barely misses you.
You hit Natasha. You freeze Natasha.
Natasha is almost dead.
Natasha barely misses you.
The cerulean imp hits you with a +2 spear.
The cerulean imp hits you but does no damage.
You take 3 damage, and have 21/37 hp.
You completely miss Natasha.
You tail-slap Natasha, but do no damage.
Natasha is almost dead.
Natasha casts a spell.
The cerulean imp hits you but does no damage.
The cerulean imp hits you from afar with a +0 spear.
The cerulean imp hits you but does no damage.
Natasha stares at you and mumbles some strange words.
You resist with some effort.
You take 2 damage, and have 19/37 hp.
You puncture Natasha! You freeze Natasha.
You kill Natasha!
Natasha growls in agony!
The cerulean imp disappears in a puff of smoke! x2
The iguana closely misses you.
You hit the iguana but do no damage.
Your tail-slap misses the iguana.
Your punch misses the iguana. The iguana barely misses you.
You hit the iguana.
The iguana seems to slow down.
You freeze the iguana.
The iguana is lightly wounded.
You barely miss the iguana.
The iguana is lightly wounded.
The iguana is no longer moving slowly.
The iguana closely misses you.
You hit the iguana. You freeze the iguana.
Your tail-slap misses the iguana.
The iguana is heavily wounded.
The iguana bites you.
You take 6 damage, and have 14/37 hp.
You hit the iguana. You freeze the iguana.
The iguana is severely wounded.
The iguana bites you.
* * * LOW HITPOINT WARNING * * *
The iguana bites you!
You die...

.......................
...######.#.###.######.
...#...##<..#...#
...#...##.###.###
............#.########
............#........#
#####.......##..####.#..
# #.......###......... #
#######.# #.@####### .
.# ##l# .. ..#.........#
... ..#.#.......∩ ...
...........# ...
..####### ........# ....
.... .........


You could see an iguana.

Vanquished Creatures
  Natasha (D:4)
  2 adders
  A worm (D:3)
  4 dart slugs
  3 orcs (D:3)
  8 ball pythons
  6 endoplasms
  3 giant cockroaches (D:3)
  5 goblins
  3 hobgoblins
  6 jackals
  2 quokkas
  5 bats
  6 frilled lizards
  2 kobolds
  2 rats
59 creatures vanquished.

Notes
Turn   | Place    | Note
-------+----------+-------------------------------------------
     0 | D:1      | Ofeo the Draconian Hexslinger began the quest for the Orb.
     0 | D:1      | Reached XP level 1. HP: 16/16 MP: 2/2
   206 | D:1      | Reached XP level 2. HP: 23/23 MP: 3/3
   533 | D:1      | Reached skill level 3 in Hexes
  1223 | D:2      | Reached XP level 3. HP: 29/29 MP: 5/5
  1227 | D:2      | Learned a level 3 spell: Inner Flame
  2157 | D:3      | Reached XP level 4. HP: 36/36 MP: 6/6
  2345 | D:3      | Found a faded altar of an unknown god.
  2490 | D:3      | Found a snail-covered altar of Cheibriados.
  2884 | D:4      | Noticed Natasha
  2885 | D:4      | Found Hucuwn's Tremendous Tomes.
  2894 | D:4      | Killed Natasha
  2899 | D:4      | Slain by an iguana

Illustrated notes

Levels and vault maps discovered:
D:1:      lightli_arrival_farm, layout_loops_ring
D:2:      layout_basic, chequers_serial_rivers_room_b,
          chequers_serial_rivers_large_a, hangedman_feature_mirror
D:3:      layout_loops_ring, kennysheep_slug_shrine,
          hellmonk_ecumenical_altar_zigzags
D:4:      layout_basic, nicolae_overflow_hidden_temple,
          minmay_temple_entry_proselytizer, serial_rivers,
          chequers_serial_rivers_micro_c, chequers_serial_rivers_small_b,
          chequers_serial_rivers_small_b, chequers_serial_rivers_micro_d,
          chequers_serial_rivers_small_b, nicolae_shop_i_like_big_books,
          uniq_natasha, uniq_duvessa, uniq_ijyb

Skill      XL: |  1  2  3  4 |
---------------+-------------+-----
Dodging        | 2 |  2.7
Hexes          | 3 |  3.4
Fighting       | 2 |  2.6
Spellcasting   | 2 |  2.1
Ranged Weapons | |  1.8

Action                     |  1- 3 |  4- 6 || total
---------------------------+-------+-------++-------
  Melee: Rapier            |     7 |    54 ||    61
         Tailslap          |     1 |     5 ||     6
   Fire: Sling             |   110 |     4 ||   114
   Cast: Slow              |     3 |       ||     3
    Use: Scroll            |     4 |       ||     4
   Stab: Sleeping          |       |     1 ||     1
 Armour: Skin              |    22 |    16 ||    38
  Dodge: Dodged            |    34 |    40 ||    74

Table legend: (Time is in decaauts)
 A = Elapsed time spent in this place.
 B = Non-inter-level travel time spent in this place.
 C = Inter-level travel time spent in this place.
 D = Time resting spent in this place.
 E = Time spent auto-exploring this place.
 F = Levels seen in this place.
 G = Mean time per level.
                   A        B        C        D        E       F      G
               +--------+--------+--------+--------+--------+-----+--------+
         Total |   2981 |   2884 |     97 |     68 |   2396 |   4 |  745.2 |
       Dungeon |   2981 |   2884 |     97 |     68 |   2396 |   4 |  745.2 |
               +--------+--------+--------+--------+--------+-----+--------+

Top non-repeatable levels by time:
     D:1: 1028 daAuts
     D:2: 1018 daAuts
     D:3: 848 daAuts
     D:4: 85 daAuts
